 Dungeon Crawl Stone Soup version 0.26-a0-808-g930a2b7adc (webtiles) character file.

Game seed: 7011080496356192548

3892 Riddle the Fighter (level 10, -7/66 HPs)
             Began as a Gargoyle Fighter on Nov 12, 2020.
             Mangled by an orc knight
             ... wielding a +0 war axe
              (14 damage)
             ... in a bailey.
             The game lasted 00:13:16 (8009 turns).

Riddle the Fighter (Gargoyle Fighter)               Turns: 8009, Time: 00:13:17

Health: -7/66      AC: 25    Str: 27    XL:     10   Next: 19%
Magic:  10/10      EV:  9    Int:  9    God:
Gold:   533        SH: 11    Dex:  7    Spells: 9/9 levels left

rFire    x . .     SeeInvis .   r - +8 falchion of Hunimod {flame, rF- Str+4 Dex-2 Stlth+}
rCold    . . .     Faith    .   c - +0 kite shield
rNeg     + . .     Spirit   .   e - +0 chain mail
rPois    ∞         Reflect  .   p - +1 helmet
rElec    +         Harm     .   s - +0 cloak
rCorr    +         Rampage  .   x - +0 pair of gloves
MR       .....                  w - +0 pair of boots
Stlth    ..........             (no amulet)
HPRegen  0.21/turn              f - ring of resist corrosion
MPRegen  0.12/turn              (no ring)

@: about to teleport
A: negative energy resistance 1, electricity resistance, unbreathing,
petrification resistance, rot immunity, AC +7
a: no special abilities


You were in a bailey.
You visited 2 branches of the dungeon, and saw 10 of its levels.
You also visited: Ossuary and Bailey.

You collected 533 gold pieces.

Inventory:

Hand Weapons
 a - a +0 war axe
 r - the +8 falchion of Hunimod (weapon) {flame, rF- Str+4 Dex-2 Stlth+}
   (You took it off a goblin in a bailey)

   It has been specially enchanted to burn those struck by it, causing extra
   injury to most foes and up to half again as much damage against particularly
   susceptible opponents.
   Big, fiery blades are also staple armaments of hydra-hunters.
   It affects your strength (+4).
   It affects your dexterity (-2).
   It makes you vulnerable to fire.
   It makes you more stealthy.
 C - a +3 hand axe of draining
Armour
 c - a +0 kite shield (worn)
 e - a +0 chain mail (worn)
 p - a +1 helmet (worn)
 s - a +0 cloak (worn)
 w - a +0 pair of boots (worn)
 x - a +0 pair of gloves (worn)
Jewellery
 f - a ring of resist corrosion (left hand)
Wands
 o - a wand of polymorph (4)
 F - a wand of digging (7)
Scrolls
 b - 5 scrolls of identify
 g - 5 scrolls of remove curse
 i - 2 scrolls of teleportation
 j - 8 scrolls of amnesia
 m - 2 scrolls of acquirement {unknown}
 q - 5 scrolls of fear
 u - a scroll of noise
 G - a scroll of torment {unknown}
Potions
 d - 4 potions of might
 h - a potion of flight {unknown}
 k - a potion of degeneration {unknown}
 l - 2 potions of berserk rage {unknown}
 n - a potion of haste
 t - 3 potions of curing
 v - 2 potions of lignification {unknown}
 z - 3 potions of heal wounds {unknown}
 A - a potion of magic {unknown}
 B - 3 potions of brilliance {unknown}
 D - a potion of ambrosia {unknown}


   Skills:
 * Level 9.0 Fighting
 - Level 2.6 Axes
 * Level 9.0 Armour
 + Level 4.2 Dodging
 * Level 9.0 Shields


You had 9 spell levels left.
You didn't know any spells.
Your spell library contained the following spells:

 Spells                   Type           Power        Failure   Level
 Magic Dart               Conj           #...         99%         1
 Sandblast                Erth           #.....       99%         1
 Blink                    Tloc           N/A          99%         2
 Call Imp                 Summ           #.......     99%         2
 Passwall                 Tmut/Erth      #.......     99%         2
 Slow                     Hex            #.......     99%         2
 Conjure Flame            Conj/Fire      #.......     100%        3
 Mephitic Cloud           Conj/Pois/Air  #.......     100%        3
 Stone Arrow              Conj/Erth      #.....       100%        3
 Petrify                  Tmut/Erth      #.......     100%        4
 Bolt of Magma            Conj/Fire/Erth #.........   100%        5
 Iskenderun's Battlesphe  Conj           #.......     100%        5
 Lee's Rapid Deconstruct  Erth           #.........   100%        5
 Iron Shot                Conj/Erth      #.........   100%        6
 Orb of Destruction       Conj           #.........   100%        7
 Spellforged Servitor     Conj/Summ      #.........   100%        7


Dungeon Overview and Level Annotations

Branches:
Dungeon (9/15)             Temple (1/1) D:4            Lair (0/6) D:9
    Orc (0/2) D:9         Ossuary (visited)          Bailey (1/1)

Altars:
Ashenzari
Cheibriados
Dithmenos
Elyvilon
Fedhas
Gozag
Kikubaaqudgha
Makhleb
Nemelex Xobeh
Okawaru
Qazlal
Ru
Sif Muna
Trog
Uskayaw
Vehumet
Xom
Yredelemnul
Zin
The Shining One

Annotations:
D:3 exclusion: door
D:6 Prince Ribbit


Innate Abilities, Weirdness & Mutations

You are resistant to torment.
Your stone body is resilient. (AC +7)
You are immune to poison.
You resist negative energy. (rN+)
You are resistant to electric shocks. (rElec)
You can survive without breathing.
You are immune to petrification.
You are immune to rotting.


Message History

You kill the orc!
You block the gnoll's attack.
The orc warrior hits you with a +0 war axe!
* * * LOW HITPOINT WARNING * * *
Unknown command.
As you read the scroll of teleportation, it crumbles to dust.
You feel strangely unstable. You block the orc's attack.
You block the gnoll's attack. You block the orc warrior's attack.
Unknown command.
You hit the orc warrior. You burn the orc warrior.
The orc warrior is severely wounded.
The gnoll hits you but does no damage. You block the orc knight's attack.
The orc warrior hits you with a +0 war axe!
* * * LOW HITPOINT WARNING * * *
Unknown command.
You barely miss the orc warrior.
The orc warrior is severely wounded.
The gnoll closely misses you.
The orc knight hits you with a +0 war axe!
You die...

.........).)...))......#
.....⌠..)))#.).).⌠.....#
.........).#...).......#
....o......#.......))).#
#.........###......).)### ♣♣
#'#.....###.###....)#)#.### ♣♣♣.
..###.###.....###.###.....###♣...
....###.......gg###.........##...
..o.8##.......oo@#...........#...
....8#.........oo#...........')..
...o)'...........#.....⌠..)..)))∩
....8#...........#...o...)).)))).
....8##..........#........).)#...
....###........)###.........##...
..###.###.....###.###.)...###♣♣..
#'#.....###.###.....#)#.### ♣♣.
#.).......###.........### ♣♣


You could see an orc knight, 2 orc warriors, a gnoll, an orc (strong) and a
goblin.

Vanquished Creatures
  A wind drake (Bailey)
  Sigmund (D:4)
  A wyvern (D:9)
  3 steam dragons (D:6)
  5 orc warriors (Bailey)
  3 sky beasts
  2 black bears
  A phantom (D:6)
  2 centaurs
  An elf zombie (Ossuary)
  3 bullfrogs
  2 scorpions
  An electric eel (D:8)
  A howler monkey (D:5)
  A human zombie (Ossuary)
  A centaur zombie (Ossuary)
  2 jellies
  6 hounds
  3 orc priests
  A bullfrog skeleton (D:3)
  Jessica (D:2)
  2 centaur skeletons
  Crazy Yiuf (D:2)
  2 iguanas (D:4)
  7 orc wizards
  5 worker ants
  2 big kobold zombies (Ossuary)
  A hound zombie (D:6)
  A hound skeleton (D:6)
  2 mummies (Ossuary)
  5 gnolls
  A howler monkey skeleton (D:4)
  8 adders
  3 white imps
  An ufetubus (D:6)
  2 oozes
  4 adder zombies
  4 adder skeletons
  5 worms
  4 dart slugs
  3 leopard geckos
  37 orcs
  5 giant cockroaches
  2 gnoll zombies (D:7)
  24 goblins
  20 hobgoblins
  15 jackals
  3 kobolds
  2 quokkas
  3 ball pythons
  7 bats
  4 frilled lizards
  8 hobgoblin zombies (Ossuary)
  9 kobold zombies (Ossuary)
  A leopard gecko skeleton (D:6)
  12 orc zombies (Ossuary)
  9 rats
266 creatures vanquished.

Vanquished Creatures (others)
  2 fungi (D:2)
  16 plants (D:9)
18 creatures vanquished.

Grand Total: 284 creatures vanquished

Notes
Turn   | Place    | Note
-------+----------+-------------------------------------------
     0 | D:1      | Riddle the Gargoyle Fighter began the quest for the Orb.
     0 | D:1      | Reached XP level 1. HP: 14/14 MP: 1/1
   193 | D:1      | Reached XP level 2. HP: 19/19 MP: 2/2
   194 | D:1      | Found a broken altar of Ashenzari.
   866 | D:2      | Found an ancient bone altar of Kikubaaqudgha.
   874 | D:2      | Reached XP level 3. HP: 24/24 MP: 3/3
   875 | D:2      | Found a hide-covered altar of Uskayaw.
   876 | D:2      | Found a glowing silver altar of Zin.
  1073 | D:2      | Noticed Jessica
  1081 | D:2      | Killed Jessica
  1081 | D:2      | Reached XP level 4. HP: 29/29 MP: 4/4
  1783 | D:2      | Found a runed translucent door.
  1784 | D:2      | Noticed Crazy Yiuf
  1789 | D:2      | Killed Crazy Yiuf
  2020 | D:3      | Reached XP level 5. HP: 33/33 MP: 5/5
  2381 | D:3      | Found a shimmering blue altar of Sif Muna.
  2643 | D:4      | Reached XP level 6. HP: 38/39 MP: 6/6
  2734 | D:4      | Reached skill level 1 in Dodging
  3108 | D:4      | Reached skill level 5 in Fighting
  3108 | D:4      | Reached skill level 5 in Armour
  3191 | D:4      | Reached skill level 5 in Shields
  3220 | D:4      | Reached XP level 7. HP: 44/44 MP: 7/7
  3291 | D:4      | Noticed a fire bat
  3291 | D:4      | a swamp drake changed into a fire bat
  3292 | D:4      | a fire bat changed into a sky beast
  3885 | D:4      | Noticed Sigmund
  3887 | D:4      | Found a staircase to the Ecumenical Temple.
  3904 | D:4      | Killed Sigmund
  3913 | Temple   | Entered the Ecumenical Temple
  4236 | D:5      | Entered Level 5 of the Dungeon
  4237 | D:5      | Found a sand-covered staircase.
  4247 | Ossuary  | Entered an ossuary
  4351 | Ossuary  | Reached XP level 8. HP: 44/51 MP: 8/8
  5488 | D:6      | Reached XP level 9. HP: 55/57 MP: 9/9
  5546 | D:6      | You fall into a shaft and drop 2 floors!
  5610 | D:7      | Found a basalt altar of Yredelemnul.
  5711 | D:6      | Noticed Prince Ribbit
  6130 | D:6      | Found a radiant altar of Vehumet.
  6952 | D:7      | You fall into a shaft and drop 2 floors!
  7019 | D:9      | Found a flagged portal.
  7078 | Bailey   | Entered a bailey
  7316 | Bailey   | Reached XP level 10. HP: 65/65 MP: 10/10
  7556 | Bailey   | Noticed an orc knight
  7564 | Bailey   | an orc knight changed into a wind drake
  7767 | Bailey   | Identified the +8 falchion of Hunimod {flame, rF- Str+4
                  | Dex-2 Stlth+}
  7768 | Bailey   | Noticed an orc knight
  7903 | Bailey   | HP: 2/66 [orc warrior/+0 war axe (10)]
  7919 | Bailey   | Noticed an orc knight
  7925 | Bailey   | Noticed an orc warlord
  8009 | Bailey   | Mangled by an orc knight

Illustrated notes

Levels and vault maps discovered:
D:1:      evilmike_arrival_hilbert_curve, layout_loops_ring,
          nicolae_ashenzari_panopticon
D:2:      layout_basic, chequers_temple_overflow_statue_of_worship,
          uniq_jessica, uniq_crazy_yiuf_cottage
D:3:      layout_basic, led_sif_book
D:4:      layout_gridville, temple_hall, st_stairs_4, uniq_sigmund
D:5:      layout_gridville, enter_ossuary_1
D:6:      cheibrodos_steamvent, layout_basic, basic_altar, uniq_prince_ribbit1
D:7:      layout_rooms, lemuel_zombie_altar_yredelemnul,
          okawaru_metal_pillars_1_2
D:8:      layout_cave_pools, amethyst_overflow_temple_binary,
          kennysheep_cross_room
D:9:      layout_rooms, david_lair_shrubbed, zombieorc1_lemuel, enter_bailey_3,
          kennysheep_generic_room_7
Temple:   regret_index_temple_generic_petals
Bailey:   bailey_axe_minmay_hex_keep, bailey

Skill      XL: |  1  2  3  4  5  6  7  8  9 10 |
---------------+-------------------------------+-----
Axes           | 2 |  2.6
Fighting       | 4 5 7 8 9 |  9.0
Shields        | 4 5 7 8 9 |  9.0
Armour         | 4 5 6 7 8 9 |  9.0
Dodging        | 1 2 3 4 |  4.2

Action                   |  1- 3 |  4- 6 |  7- 9 | 10-12 || total
-------------------------+-------+-------+-------+-------++-------
Melee: War axe           |    85 |   161 |   256 |       ||   502
       Unarmed           |     5 |       |       |       ||     5
       Hand axe          |       |       |   390 |    85 ||   475
       Falchion          |       |       |       |    34 ||    34
Evoke: Wand              |       |       |     3 |     7 ||    10
  Use: Scroll            |       |       |    10 |     1 ||    11
       Potion            |       |       |       |     1 ||     1
Armor: Scale mail        |     5 |       |       |       ||     5
       Chain mail        |    53 |   123 |   412 |    76 ||   664
       Skin              |     3 |       |       |       ||     3
Dodge: Dodged            |    32 |    36 |   234 |    40 ||   342
Block: Kite shield       |    54 |    91 |   428 |    97 ||   670
       Rpst.: Falchion   |       |       |       |     5 ||     5

Table legend: (Time is in decaauts)
 A = Elapsed time spent in this place.
 B = Non-inter-level travel time spent in this place.
 C = Inter-level travel time spent in this place.
 D = Time resting spent in this place.
 E = Time spent auto-exploring this place.
 F = Levels seen in this place.
 G = Mean time per level.
                   A        B        C        D        E       F      G
               +--------+--------+--------+--------+--------+-----+--------+
         Total |   8351 |   8105 |    246 |   1619 |   4064 |  12 |  695.9 |
       Dungeon |   6711 |   6489 |    222 |   1091 |   3672 |   9 |  745.7 |
        Temple |    244 |    220 |     24 |      0 |    219 |   1 |  244.0 |
       Ossuary |    427 |    427 |      0 |    120 |     78 |   1 |  427.0 |
        Bailey |    967 |    967 |      0 |    408 |     95 |   1 |  967.0 |
               +--------+--------+--------+--------+--------+-----+--------+

Top non-repeatable levels by time:
     D:4: 1280 daAuts
     D:6: 1269 daAuts
     D:2: 1099 daAuts
     D:3: 969 daAuts
  Bailey: 967 daAuts
     D:5: 809 daAuts
     D:1: 800 daAuts
 Ossuary: 427 daAuts
     D:7: 283 daAuts
  Temple: 244 daAuts
     D:9: 135 daAuts
     D:8: 64 daAuts
